 Dungeon Crawl Stone Soup version 0.31-a0-473-g61b50ae490 (webtiles) character file.

Game seed: 2613731353230623704

651 MisterAzrael the Trooper (level 7, -7/61 HPs)
             Began as a Hill Orc Fighter on Aug 7, 2023.
             Was an Initiate of Beogh.
             Mangled by a two-headed ogre
             ... wielding a +0 giant club
              (21 damage)
             ... on level 4 of the Dungeon.
             The game lasted 00:04:40 (3306 turns).

MisterAzrael the Trooper (Hill Orc Fighter)         Turns: 3306, Time: 00:04:41

Health: -7/61      AC:  7    Str: 21    XL:     7   Next: 53%
Magic:  7/7        EV:  9    Int:  8    God:    Beogh [......]
Gold:   163        SH:  5    Dex: 10    Spells: 6/6 levels left

rFire   . . .        a - +0 war axe
rCold   . . .        c - +0 buckler
rNeg    . . .        b - +0 scale mail
rPois   .            (no helmet)
rElec   .            (no cloak)
rCorr   .            (no gloves)
SInv    .            (no boots)
Will    .....        (no amulet) Stlth
                     (no ring)
HPRegen 0.30/turn    (no ring)
MPRegen 0.10/turn

%: no passive effects
@: no status effects
A: no striking features
a: Renounce Religion


You were on level 4 of the Dungeon.
You worshipped Beogh.
Beogh was noncommittal.
You visited 1 branch of the dungeon, and saw 5 of its levels.

You collected 163 gold pieces.

Inventory:

Hand Weapons
 a - a +0 war axe (weapon)
 f - a +2 dagger of venom
 m - a +3 sling
Missiles
 k - 4 poisoned darts (quivered)
Armour
 b - a +0 scale mail (worn)
 c - a +0 buckler (worn)
Wands
 e - a wand of iceblast (8)
Scrolls
 d - a scroll of fog {unknown}
 g - 2 scrolls of blinking {unknown}
 h - a scroll of enchant weapon {unknown}
 i - 9 scrolls of identify {unknown}
 j - 2 scrolls of poison {unknown}
 l - a scroll of brand weapon {unknown}
 n - a scroll of teleportation {unknown}
 r - 2 scrolls of amnesia {unknown}
Potions
 o - 2 potions of brilliance {unknown}
 p - a potion of cancellation {unknown}
 q - a potion of mutation {unknown}
 s - a potion of curing {unknown}


   Skills:
 + Level 5.6 Fighting
 + Level 5.4 Axes
 + Level 2.7 Throwing
 + Level 5.1 Armour
 + Level 5.1 Shields


You had 6 spell levels left.
You didn't know any spells.
Your spell library contained the following spells:

 Spells                   Type           Power      Damage    Failure   Level
 Summon Small Mammal      Summ           0%         N/A       80%         1
 Call Canine Familiar     Summ           0%         N/A       99%         3
 Ozocubu's Armour         Ice            0%         N/A       99%         3
 Summon Guardian Golem    Hex/Summ       0%         N/A       99%         3
 Ozocubu's Refrigeration  Ice            0%         4d7       100%        7


Dungeon Overview and Level Annotations

Branches:
Dungeon (5/15)
 Temple: D:4-7

Altars:
Gozag

Shops:
D:1 [?[*:


Message History

* * * LOW HITPOINT WARNING * * *
The orc priest begins to cast a cantrip, but forgets the words!
The orc attacks as you move away! The orc hits you but does no damage.
You feel less confused.
The orc wizard points at you and mumbles some strange words.
The magic dart hits you but does no damage.
You bow before the missionary of Beogh.
Beogh welcomes you!
With a roar of approval, the orcs welcome you as one of their own, and spare your life.
The two-headed ogre hits the orc with a +0 giant club!!
The orc dies!
The two-headed ogre hits you with a +0 giant club!
* * * LOW HITPOINT WARNING * * *
The two-headed ogre closely misses you.
There is a stone staircase leading up, spattered with blood here.
The two-headed ogre misses you. x2
You climb upwards.
There is a stone staircase leading down here.
There is a stone staircase leading up here.
You climb upwards.
There is a stone staircase leading down here.
You start resting.
HP restored.
You start waiting.
Done waiting.
There is a stone staircase leading down here.
You climb downwards.
The two-headed ogre hits you with a +0 giant club!
The two-headed ogre closely misses you.
There is a stone staircase leading up, spattered with blood here.
You hit the two-headed ogre.
The two-headed ogre is lightly wounded.
The two-headed ogre hits you with a +0 giant club!
You block the two-headed ogre's attack.
You slash the two-headed ogre!
The two-headed ogre is moderately wounded.
The two-headed ogre hits you with a +0 giant club!!
* * * LOW HITPOINT WARNING * * *
The two-headed ogre hits you with a +0 giant club!!
You die...

........#.#..###..####...##....##
..........##....#.##.........#.##
..........##.##......#######.....
......).#..#.######....## #####.
........#....#### #..#..#######..
###(#####.......###>..#.....##..#
#.# ###.........#.#####....## #.#
#.#.......#..####.#.##. #.#
#.#...@...##......#.... #.#
#.....O...######...##.# #.#
###..........###.#....# #.#
##>.....##.##..#..### #.#
#......##.#..##..... #.#
##.#.####.......#.## #.# ##..#.#
#....#...... #.# #...#.#
####.รท.##### #.#
#.#.#.######....#####


You could see a two-headed ogre.

Vanquished Creatures
  Grinder (D:3)
  An ogre (D:4)
  A kobold brigand (D:4)
  A hound (D:3)
  An iguana (D:4)
  Natasha (thrice) (D:3)
  3 gnolls (D:4)
  7 adders
  2 river rats (D:4)
  A worm (D:4)
  2 dart slugs (D:4)
  2 orcs
  6 endoplasms
  5 giant cockroaches
  7 goblins
  6 hobgoblins
  2 jackals (D:4)
  5 quokkas
  8 ball pythons
  5 bats
  5 frilled lizards
  A kobold (D:2)
  8 rats
83 creatures vanquished.

Vanquished Creatures (others)
  An orc (D:5)
1 creature vanquished.

Grand Total: 84 creatures vanquished

Notes
Turn   | Place    | Note
-------+----------+-------------------------------------------
     0 | D:1      | MisterAzrael the Hill Orc Fighter began the quest for the
                  | Orb.
     0 | D:1      | Reached XP level 1. HP: 19/19 MP: 1/1
    32 | D:1      | Found Pafiop's Magic Scroll Boutique.
    98 | D:1      | Found Ruaxkimuto's Armour Shoppe.
   110 | D:1      | Reached XP level 2. HP: 27/27 MP: 2/2
   178 | D:1      | Found Noxulog's Book Shop.
   418 | D:1      | Found Naurhoa's Assorted Antiques.
   551 | D:1      | Reached XP level 3. HP: 33/33 MP: 3/3
   560 | D:1      | Found Hasymyre's Armour Boutique.
   816 | D:2      | Found an opulent altar of Gozag.
  1129 | D:2      | Reached XP level 4. HP: 40/40 MP: 4/4
  1510 | D:3      | Reached skill level 1 in Throwing
  1590 | D:3      | Reached XP level 5. HP: 39/47 MP: 5/5
  1644 | D:3      | Noticed Grinder
  1644 | D:3      | Noticed Natasha
  1653 | D:3      | Paralysed by Grinder for 2 turns
  1655 | D:3      | Killed Natasha
  1658 | D:3      | Paralysed by Grinder for 5 turns
  1663 | D:3      | Noticed Natasha
  1673 | D:3      | Paralysed by Grinder for 2 turns
  1680 | D:3      | Killed Grinder
  1681 | D:3      | Reached skill level 5 in Fighting
  1681 | D:3      | Reached XP level 6. HP: 37/56 MP: 6/6
  1681 | D:3      | Killed Natasha
  1767 | D:3      | Noticed Natasha
  1775 | D:3      | Killed Natasha
  2309 | D:4      | Reached skill level 5 in Axes
  2309 | D:4      | Reached XP level 7. HP: 46/61 MP: 7/7
  2475 | D:4      | Reached skill level 5 in Armour
  2475 | D:4      | Reached skill level 5 in Shields
  2976 | D:5      | Entered Level 5 of the Dungeon
  2981 | D:5      | Noticed a two-headed ogre
  2992 | D:5      | Became a worshipper of Beogh the Brigand
  2996 | D:5      | HP: 1/61 [two-headed ogre/+0 giant club (14)]
  3306 | D:4      | Mangled by a two-headed ogre

Illustrated notes

Levels and vault maps discovered:
D:1:      minmay_arrival_hallway, layout_loops_ring, serial_shops,
          nicolae_shop_trees, shop, shop, nicolae_shop_statue_plus, shop
D:2:      layout_loops_ring, serial_forest, infiniplex_forest_clump_long,
          infiniplex_forest_lined_room_, infiniplex_forest_zigzag_1,
          infiniplex_forest_straight_2, infiniplex_forest_3_way,
          infiniplex_forest_straight_4, infiniplex_forest_lined_4_way,
          basic_altar
D:3:      layout_basic, uniq_natasha, uniq_grinder
D:4:      layout_rooms, portal_sewer_entry_e
D:5:      layout_rooms, uniq_duvessa, uniq_edmund

Skill      XL: |  1  2  3  4  5  6  7 |
---------------+----------------------+-----
Axes           | 3 4 5 |  5.4
Fighting       | 4 5 |  5.6
Throwing       | 1 2 |  2.7
Armour         | 4 5 |  5.1
Shields        | 4 5 |  5.1

Action                     |  1- 3 |  4- 6 |  7- 9 || total
---------------------------+-------+-------+-------++-------
  Melee: War axe           |   108 |   112 |    61 ||   281
  Throw: Dart              |       |     3 |       ||     3
 Invoke: Convert to Beogh  |       |       |     1 ||     1
    Use: Potion            |       |     4 |       ||     4
 Armour: Scale mail        |    54 |    68 |    21 ||   143
  Dodge: Dodged            |    63 |    60 |    27 ||   150
  Block: Buckler           |    22 |    24 |    20 ||    66

Table legend: (Time is in decaauts)
 A = Elapsed time spent in this place.
 B = Non-inter-level travel time spent in this place.
 C = Inter-level travel time spent in this place.
 D = Time resting spent in this place.
 E = Time spent auto-exploring this place.
 F = Levels seen in this place.
 G = Mean time per level.
                   A        B        C        D        E       F      G
               +--------+--------+--------+--------+--------+-----+--------+
         Total |   3401 |   3295 |    106 |    352 |   2250 |   5 |  680.2 |
       Dungeon |   3401 |   3295 |    106 |    352 |   2250 |   5 |  680.2 |
               +--------+--------+--------+--------+--------+-----+--------+

Top non-repeatable levels by time:
     D:4: 931 daAuts
     D:3: 908 daAuts
     D:1: 770 daAuts
     D:2: 769 daAuts
     D:5: 21 daAuts
